 Dungeon Crawl Stone Soup version bcrawl-1.19.2-6-g6a88ae04c9 (webtiles) character file.

Game seed: 5626385107452008008

1872 Mrkan the Fighter (level 9, -11/81 HPs)
             Began as a Hill Orc Fighter on Dec 28, 2019.
             Mangled by a death yak (15 damage)
             ... on level 7 of the Dungeon.
             The game lasted 00:07:04 (5805 turns).

Mrkan the Fighter (Hill Orc Fighter)                Turns: 5805, Time: 00:07:05

Health: -11/81     AC: 14    Str: 20    XL:     9   Next: 14%
Magic:  9/9        EV:  8    Int:  8    God:
Gold:   434        SH: 10    Dex: 12    Spells: 8/8 levels left

rFire    . . .     SeeInvis .   t - +0 hand axe (elec)
rCold    . . .     Gourm    .   c - +0 shield
rNeg     . . .     Faith    .   b - +0 scale mail
rPois    .         Spirit   .   (no helmet)
rElec    .         Reflect  .   l - +2 cloak
rCorr    .         Harm     .   a - +0 pair of gloves
MR       .....                  y - +1 pair of boots {Stlth++}
Stlth    ++........             (no amulet)
HPRegen  0.23/turn              (no ring)
MPRegen  0.11/turn              (no ring)

@: lightly drained
A: no striking features
a: no special abilities


You were on level 7 of the Dungeon.
You were not hungry.

You visited 1 branch of the dungeon, and saw 7 of its levels.

You collected 434 gold pieces.

Inventory:

Hand Weapons
 t - a +0 hand axe of electrocution (weapon)
 u - a +0 morningstar
Armour
 a - a +0 pair of gloves (worn)
 b - a +0 scale mail (worn)
 c - a +0 shield (worn)
 l - a +2 cloak (worn)
 y - a +1 pair of boots of stealth (worn)
Jewellery
 k - a +2 ring of intelligence {unknown}
 n - an uncursed ring of positive energy {unknown}
 p - a +4 amulet of reflection {unknown}
 A - an uncursed ring of poison resistance {unknown}
 D - an uncursed ring of poison resistance {unknown}
Wands
 q - a wand of disintegration (10)
Scrolls
 e - 7 scrolls of identify {unknown}
 h - 4 scrolls of remove curse {unknown}
 j - 3 scrolls of magic mapping {unknown}
 m - 3 scrolls of teleportation {unknown}
 o - 3 scrolls of amnesia {unknown}
 r - a scroll of blinking {unknown}
 v - a scroll of enchant armour {unknown}
 w - a scroll of enchant weapon {unknown}
 B - a scroll of fear {unknown}
Potions
 d - 2 potions of might
 g - a potion of berserk rage {unknown}
 i - 3 potions of haste {unknown}
 s - 2 potions of heal wounds {unknown}
 x - 2 potions of agility {unknown}
 z - a potion of mutation {unknown}
 C - 4 potions of curing {unknown}
 E - a potion of flight {unknown}
 G - a potion of brilliance {unknown}
Comestibles
 f - 14 rations {!d}


   Skills:
 * Level 8.1(7.8) Fighting
   Level 8.1(7.8) Short Blades
   Level 8.1(7.8) Long Blades
   Level 8.1(7.8) Axes
   Level 8.1(7.8) Maces & Flails
   Level 8.1(7.8) Polearms
   Level 8.1(7.8) Staves
 + Level 7.1(6.9) Armour
 + Level 7.1(6.8) Shields
   Level 8.1(7.8) Unarmed Combat


You had 8 spell levels left.
You didn't know any spells.
Your spell library contained the following spells:

 Spells                   Type           Power        Failure   Level  Hunger
 Magic Dart               Conj           #...         97%         1    ##.....
 Searing Ray              Conj           #.......     99%         2    ###....
 Iskenderun's Mystic Bla  Conj           #.......     100%        3    ####...
 Recall                   Summ/Tloc      N/A          100%        3    ####...
 Animate Dead             Necr           N/A          100%        4    #####..
 Fulminant Prism          Conj/Hex       #.........   100%        4    #####..
 Irradiate                Conj/Tmut      #.........   100%        5    ######.
 Borgnjor's Vile Clutch   Necr/Erth      #.........   100%        6    #######
 Death Channel            Chrm/Necr      #.........   100%        6    #######
 Simulacrum               Ice/Necr       #.........   100%        6    #######


Dungeon Overview and Level Annotations

Branches:
Dungeon (7/12)               Lair (0/6) D:7
 Temple: D:4-7

Altars:
Dithmenos
The Shining One

Shops:
D:4 }   D:5 ?


Message History

* * * LOW HITPOINT WARNING * * *
You hit the death yak but do no damage.
The death yak is moderately wounded.
You completely miss the quokka.
Your shield prevents you from hitting the death yak.
You hit the death yak.
Lightning courses through the death yak!
You block the death yak's attack. x2; You block the quokka's attack.
You block the death yak's attack.
You hit the death yak but do no damage.
Lightning courses through the death yak!
The death yak is moderately wounded.
You hit the quokka but do no damage. You hit the death yak but do no damage.
Your shield and scale mail prevent you from hitting the death yak.
The quokka bites you but does no damage.
The death yak gores you!
* * * LOW HITPOINT WARNING * * *
The death yak gores you but does no damage.
The death yak gores you!
You die...

#.# #.. #.# #.....#.#...
## #.# #.#......... #.
#.# #.#....>.... ####.
#.# #.#.........
...#.####.# #.#.........
.....<.##.###.##Yr......
.......##.##...#YY......
.............#.Y@rr.....
......(#####....##J#...#
.......######.### .. .
................ .#
........#####.### .#
..............# #
#.#..)..#####.#
#.#.....# #? # #######


You could see 3 death yaks, a sky beast, a jelly, a river rat, a quokka and a
rat.

Vanquished Creatures
  Prince Ribbit (D:5)
  A porcupine (D:7)
  An orc warrior (D:6)
  2 sky beasts (D:5)
  An ogre (D:5)
  A phantom (D:6)
  A centaur (D:6)
  6 crimson imps
  A jelly (D:3)
  4 hounds
  6 orc wizards
  4 iguanas
  A hell rat (D:7)
  2 worker ants (D:6)
  2 hound skeletons
  3 adders
  12 gnolls
  2 river rats (D:7)
  3 oozes
  9 worms
  2 adder skeletons
  A dart slug (D:3)
  A leopard gecko (D:2)
  20 orcs
  6 ball pythons
  4 giant cockroaches
  3 goblins (D:1)
  13 hobgoblins
  5 kobolds
  2 quokkas
  A bat (D:2)
  7 frilled lizards
  A jackal zombie (D:6)
  6 rats
135 creatures vanquished.

Notes
Turn   | Place    | Note
-------+----------+-------------------------------------------
     0 | D:1      | Mrkan the Hill Orc Fighter began the quest for the Orb.
     0 | D:1      | Reached XP level 1. HP: 20/20 MP: 1/1
   107 | D:1      | Reached XP level 2. HP: 21/27 MP: 2/2
   319 | D:1      | Reached XP level 3. HP: 32/34 MP: 3/3
  1296 | D:2      | Reached XP level 4. HP: 37/41 MP: 4/4
  1724 | D:3      | Reached XP level 5. HP: 18/47 MP: 5/5
  1937 | D:3      | Reached skill level 5 in Fighting
  2604 | D:3      | Reached XP level 6. HP: 56/56 MP: 6/6
  2834 | D:4      | Found Haplaugior's Gadget Shoppe.
  2952 | D:4      | Reached skill level 5 in Armour
  2956 | D:4      | Reached skill level 5 in Shields
  2956 | D:4      | Reached XP level 7. HP: 54/62 MP: 7/7
  3026 | D:4      | Reached skill level 6 in Fighting
  3153 | D:4      | Found a shadowy altar of Dithmenos.
  3153 | D:4      | Found a glowing golden altar of the Shining One.
  3696 | D:5      | Entered Level 5 of the Dungeon
  3902 | D:5      | Noticed Prince Ribbit
  3955 | D:5      | Killed Prince Ribbit
  3955 | D:5      | Reached XP level 8. HP: 30/71 MP: 8/8
  4226 | D:5      | Reached skill level 7 in Fighting
  4574 | D:5      | Found Ygeelyl's Magic Scroll Shop.
  5381 | D:6      | Reached XP level 9. HP: 68/81 MP: 9/9
  5792 | D:7      | Noticed a death yak
  5792 | D:7      | Noticed a death yak
  5793 | D:7      | Found a staircase to the Lair.
  5793 | D:7      | Noticed a death yak
  5796 | D:7      | Reached skill level 8 in Fighting
  5805 | D:7      | HP: 4/81 [death yak (13)]
  5805 | D:7      | Mangled by a death yak

Skill      XL: |  1  2  3  4  5  6  7  8  9 |
---------------+----------------------------+-----
Armour         | 4 5 6 7 |  7.1
Shields        | 4 5 6 7 |  7.1
Fighting       | 5 6 7 8 |  8.1
Short Blades   | |  8.1
Long Blades    | |  8.1
Axes           | |  8.1
Maces & Flails | |  8.1
Polearms       | |  8.1
Staves         | |  8.1
Unarmed Combat | |  8.1

Action                   |  1- 3 |  4- 6 |  7- 9 || total
-------------------------+-------+-------+-------++-------
Melee: War axe           |   118 |   111 |       ||   229
       Hand axe          |       |    36 |   260 ||   296
 Stab: Sleeping          |       |       |     4 ||     4
  Eat: Chunk             |     1 |     6 |     9 ||    16
Armor: Scale mail        |    47 |    64 |   104 ||   215
Dodge: Dodged            |    33 |    32 |    67 ||   132
Block: Shield            |    65 |    80 |   113 ||   258
